 Dungeon Crawl Stone Soup version 0.28.0-62-gf88900778d (webtiles) character file.

Game seed: 7351361334149288536

1303 cbfl8 the Poker (level 8, 0/93 (106) HPs)
             Began as a Minotaur Berserker on Aug 22, 2023.
             Was a Priest of Trog.
             Succumbed to a killer bee's poison
             ... on level 7 of the Dungeon.
             The game lasted 00:06:50 (5804 turns).

cbfl8 the Poker (Minotaur Berserker)                Turns: 5804, Time: 00:06:51

HP:   0/93 (106)    AC:  6    Str: 22    XL:     8   Next: 31%
MP:   7/7           EV: 11    Int:  4    God:    Trog [***...]
Gold: 176           SH:  0    Dex: 12    Spells: 7/7 levels left

rFire   x . .      SeeInvis .   n - +0 halberd
rCold   + . .      Faith    .   (shield currently unavailable)
rNeg    . . .      Spirit   .   i - +0 ring mail
rPois   .          Reflect  .   (helmet restricted)
rElec   .          Harm     .   a - scarf {shadows}
rCorr   .          Rampage  .   (no gloves)
Will    .....                   (no boots)
Stlth   ..........              (no amulet)
HPRegen 0.25/turn               r - ring of ice
MPRegen 0.10/turn               (no ring)

@: berserking, lethally poisoned (0 -> -3), heavily drained, very quick
A: horns 2, retaliatory headbutt
a: Renounce Religion, Berserk, Trog's Hand


You were on level 7 of the Dungeon.
You worshipped Trog.
Trog was most pleased with you.
You visited 1 branch of the dungeon, and saw 6 of its levels.

You collected 200 gold pieces.
You spent 24 gold pieces at shops.

Inventory:

Hand Weapons
 n - a +0 halberd (weapon)
Missiles
 g - 2 throwing nets
 h - 5 boomerangs (quivered)
Armour
 a - a scarf of shadows (worn)
 i - a +0 ring mail (worn)
Jewellery
 r - a ring of ice (left hand)
Scrolls
 b - 2 scrolls of vulnerability {unknown}
 d - a scroll of summoning {unknown}
 e - 2 scrolls of enchant weapon
 f - a scroll of brand weapon
 o - a scroll of enchant armour {unknown}
 p - 2 scrolls of immolation {unknown}
Potions
 c - 2 potions of invisibility {unknown}
 j - 2 potions of lignification {unknown}
 k - a potion of curing {unknown}
 l - 2 potions of berserk rage {unknown}
 m - a potion of ambrosia {unknown}
 q - 3 potions of cancellation {unknown}


   Skills:
 + Level 6.4 Fighting
 + Level 7.9 Polearms
 + Level 5.9 Armour
 - Level 2.1 Dodging
 + Level 1.0 Stealth
 * Level 4.3 Evocations


You had 7 spell levels left.
You didn't know any spells.
Your spell library was empty.

Dungeon Overview and Level Annotations

Branches:
Dungeon (5/15)
 Temple: D:4-7

Altars:
Vehumet

Shops:
D:2 *:*=


Innate Abilities, Weirdness & Mutations

You have a pair of horns on your head.
You reflexively headbutt those who attack you in melee.


Message History

You miss the killer bee. The killer bee stings you!
You are poisoned.
The killer bee poisons you! The killer bee stings you.
You are more poisoned.
The killer bee poisons you! The killer bee stings you.
Okay, then.
You feel very sick. The killer bee stings you.
You feel very sick. The killer bee barely misses you.
You feel sick. The killer bee barely misses you. You furiously retaliate!
You headbutt the killer bee!
There is a shaft here.
You fall into a shaft and drop 2 floors!
The shaft crumbles and collapses.
You feel sick.
A red film seems to cover your vision as you go berserk!
You feel yourself moving faster!
You feel mighty!
You feel sick. The wight completely misses you.
The wight hits you with a +4 dire flail!
You feel drained. The wight closely misses you.
You barely miss the wight.
You feel sick.
You slash the wight! Your headbutt misses the wight.
The wight is almost destroyed.
The wight hits you with a +0 battleaxe!
* * * LOW HITPOINT WARNING * * *
You feel drained.
* * * LOW HITPOINT WARNING * * *
The wight hits you with a +4 dire flail!
* * * LOW HITPOINT WARNING * * *
You feel drained. The wight barely misses you. x2
You feel sick. The wight hits you with a +0 battleaxe!
* * * LOW HITPOINT WARNING * * *
You feel drained.
The wight hits you from afar with a +0 halberd.
* * * LOW HITPOINT WARNING * * *
You feel drained.
* * * LOW HITPOINT WARNING * * *
The wight closely misses you.
You feel a strong urge to attack something.
You die...

#.
#.##########
#..........#
.....z.....#
.....zz....#
.....z.....#
.....#@#####
#.####.# .
..# ####


You could see 4 wights.

Vanquished Creatures
  Grinder (D:3)
  Eustachio (D:4)
  Sigmund (D:2)
  2 ogres (D:5)
  A phantom (D:5)
  A wyvern zombie (D:5)
  A scorpion (D:5)
  2 killer bees (D:4)
  2 hounds
  Jessica (D:3)
  Natasha (thrice) (D:3)
  Robin (D:2)
  7 gnolls
  4 adders
  2 adder skeletons
  2 worms
  2 dart slugs
  5 orcs
  8 ball pythons
  7 endoplasms
  5 giant cockroaches
  16 goblins
  7 hobgoblins
  2 kobolds
  A quokka (D:2)
  6 bats
  3 rats (D:3)
94 creatures vanquished.

Notes
Turn   | Place    | Note
-------+----------+-------------------------------------------
     0 | D:1      | cbfl8 the Minotaur Berserker began the quest for the Orb.
     0 | D:1      | Reached XP level 1. HP: 19/19 MP: 0/0
     2 | D:1      | Noticed a spriggan
     4 | D:1      | Noticed a human
     4 | D:1      | Noticed a ghoul
     6 | D:1      | Noticed a naga
     8 | D:1      | Noticed an elf
     8 | D:1      | Noticed an octopode
    12 | D:1      | Noticed a tengu
    12 | D:1      | Noticed a troll
    14 | D:1      | Noticed a vampire
    16 | D:1      | Noticed an ogre
    16 | D:1      | Noticed a dwarf
    18 | D:1      | Noticed a demonspawn
    18 | D:1      | Noticed a demigod
    20 | D:1      | Noticed a felid
    20 | D:1      | Noticed a vine stalker
    22 | D:1      | Noticed a formicid
    22 | D:1      | Noticed a draconian
    24 | D:1      | Noticed a merfolk
    24 | D:1      | Noticed a gargoyle
    26 | D:1      | Noticed a minotaur
    45 | D:1      | Found a faded altar of an unknown god.
   419 | D:1      | Reached XP level 2. HP: 27/27 MP: 1/1
   426 | D:1      | Reached skill level 4 in Polearms
  1122 | D:2      | Found Qofum's Book Shop.
  1175 | D:2      | Found Rischudde's Assorted Antiques.
  1178 | D:2      | Reached XP level 3. HP: 33/33 MP: 2/2
  1198 | D:2      | Bought a scroll labelled SEITAR CISYCS for 24 gold pieces
  1277 | D:2      | Reached ** piety under Trog
  1323 | D:2      | Noticed Sigmund
  1333 | D:2      | Killed Sigmund
  1334 | D:2      | Reached skill level 5 in Fighting
  1334 | D:2      | Reached skill level 5 in Polearms
  1334 | D:2      | Reached skill level 1 in Evocations
  1334 | D:2      | Reached XP level 4. HP: 42/42 MP: 3/3
  1334 | D:2      | Reached XP level 5. HP: 48/48 MP: 4/4
  1515 | D:2      | Found Ellokla's Assorted Antiques.
  1541 | D:2      | Found Jogaas's Jewellery Boutique.
  1718 | D:3      | Noticed Robin
  1927 | D:2      | Killed Robin
  2225 | D:3      | Noticed Natasha
  2232 | D:3      | Killed Natasha
  2376 | D:3      | Noticed Grinder
  2377 | D:3      | Paralysed by Grinder for 5 turns
  2393 | D:3      | Paralysed by Grinder for 3 turns
  2407 | D:3      | Killed Grinder
  2408 | D:3      | Reached skill level 6 in Polearms
  2408 | D:3      | Reached XP level 6. HP: 27/56 MP: 5/5
  2584 | D:3      | Noticed Natasha
  2594 | D:3      | Killed Natasha
  2726 | D:3      | Noticed Jessica
  2730 | D:3      | Killed Jessica
  2828 | D:3      | Noticed Natasha
  2833 | D:3      | Killed Natasha
  2834 | D:3      | Reached XP level 7. HP: 61/61 MP: 6/6
  3427 | D:4      | Reached *** piety under Trog
  3511 | D:4      | Noticed Eustachio
  3901 | D:4      | Found a radiant altar of Vehumet.
  4096 | D:4      | Killed Eustachio
  4097 | D:4      | Reached skill level 7 in Polearms
  4097 | D:4      | Reached skill level 5 in Armour
  4097 | D:4      | Reached skill level 1 in Stealth
  4352 | D:5      | Entered Level 5 of the Dungeon
  5131 | D:5      | Reached XP level 8. HP: 38/70 MP: 7/7
  5799 | D:5      | You fall into a shaft and drop 2 floors!
  5803 | D:7      | HP: 4/97 [wight/+0 battleaxe (9)]
  5803 | D:7      | HP: 1/93 [wight/+0 halberd (1)]
  5804 | D:7      | Succumbed to a killer bee's poison

Illustrated notes

Levels and vault maps discovered:
D:1:      kb_arrival_jail, layout_loops_ring,
          ebering_ecumenical_altar_sacrificial
D:2:      layout_basic, serial_shops, shop, nicolae_shop_trees,
          nicolae_shop_advertising_works [nicolae_subvault_shop_adworks],
          nicolae_shop_behind_doors, uniq_sigmund
D:3:      layout_loops_ring, uniq_robin, uniq_jessica, uniq_grinder,
          uniq_natasha
D:4:      layout_cave_pods, mainiacjoe_overflow_chevrons, uniq_eustachio
D:5:      layout_basic, chequers_serial_rivers_small_a
D:7:      gammafunk_wand_slinger, layout_basic, uniq_maggie

Skill      XL: |  1  2  3  4  5  6  7 |
---------------+----------------------+-----
Polearms       | 4 5 6 7 |  7.9
Fighting       | 4 5 6 |  6.4
Armour         | 3 4 5 |  5.9
Evocations     | 1 2 4 |  4.3
Stealth        | 1 |  1.0
Dodging        | |  2.1

Action                   |  1- 3 |  4- 6 |  7- 9 || total
-------------------------+-------+-------+-------++-------
Melee: Spear             |    68 |    92 |    18 ||   178
       Headbutt          |     5 |    14 |    15 ||    34
       Halberd           |       |       |   130 ||   130
Invok: Berserk           |     1 |     1 |     4 ||     6
       Trog's Hand       |       |     1 |       ||     1
  Use: Scroll            |     2 |       |     1 ||     3
 Stab: Sleeping          |     1 |       |       ||     1
Armor: Animal skin       |    10 |       |       ||    10
       Ring mail         |     4 |    29 |    61 ||    94
Dodge: Dodged            |    19 |    40 |    92 ||   151
